 Dungeon Crawl Stone Soup version 0.23.1-38-g628c18f (console) character file.

Game seed: 17236191307209428100

1449 fly the Protected (level 8, -3/46 HPs)
             Began as a Tengu Fighter on Mar 28, 2019.
             Slain by an orc warrior
             ... wielding a +0 trident
              (7 damage)
             ... on level 6 of the Dungeon.
             The game lasted 00:07:17 (5321 turns).

fly the Protected (Tengu Fighter)                   Turns: 5321, Time: 00:07:18

Health: -3/46      AC: 19    Str: 21    XL:     8   Next: 75%
Magic:  9/9        EV:  4    Int: 10    God:
Gold:   352        SH: 10    Dex: 18    Spells: 7/7 levels left

rFire    . . .     SeeInvis .   a - +0 long sword (flame)
rCold    + . .     Gourm    .   v - +0 shield
rNeg     + + .     Faith    .   y - +5 plate armour of Birdsong {rN+ Str+5 Dex+3}
rPois    .         Spirit   .   (helmet restricted)
rElec    .         Reflect  .   (no cloak)
rCorr    .         Harm     .   (no gloves)
MR       .....                  (boots unavailable)
Stlth    ..........             (no amulet)
HPRegen  0.15/turn              e - ring of protection from cold
MPRegen  0.11/turn              q - ring of positive energy

@: no status effects
A: beak, talons 3, able to fly
a: Fly


You were on level 6 of the Dungeon.
You were not hungry.

You visited 1 branch of the dungeon, and saw 6 of its levels.

You collected 352 gold pieces.

Inventory:

Hand Weapons
 a - a +0 long sword of flaming (weapon)
Armour
 v - a +0 shield (worn)
 y - the +5 plate armour of Birdsong (worn) {rN+ Str+5 Dex+3}
   (You took it off an orc on level 4 of the Dungeon)

   It affects your strength (+5).
   It affects your dexterity (+3).
   It protects you from negative energy.
Magical Staves
 b - an uncursed staff of air
Jewellery
 e - a ring of protection from cold (left hand)
 q - a ring of positive energy (right hand)
Wands
 i - a wand of clouds (4)
 u - a wand of paralysis (8)
Scrolls
 h - a scroll of enchant weapon {unknown}
 j - 4 scrolls of teleportation
 k - 3 scrolls of blinking
 l - a scroll of remove curse {unknown}
 n - 2 scrolls of amnesia {unknown}
 o - 3 scrolls of fog {unknown}
 r - 2 scrolls of enchant armour {unknown}
 s - 3 scrolls of magic mapping {unknown}
 t - a scroll of fear {unknown}
Potions
 c - 2 potions of brilliance
 d - 3 potions of might
 p - 4 potions of lignification
 x - a potion of ambrosia {unknown}
Comestibles
 f - 11 rations
 g - 3 chunks of flesh


   Skills:
 - Level 3.0 Fighting
 - Level 6.3 Long Blades
 + Level 10.3 Armour
 - Level 3.0 Shields


You had 7 spell levels left.
You didn't know any spells.
Your spell library was empty.

Dungeon Overview and Level Annotations

Branches:
Dungeon (6/15)
 Temple: D:4-7

Altars:
Trog


Innate Abilities, Weirdness & Mutations

You have a beak for a mouth.
You have claws for feet.
You can fly continuously.


Message History

You block the orc warrior's attack.
You closely miss the orc warrior. Your kick misses the orc warrior.
You peck the orc warrior, but do no damage.
The orc warrior is moderately wounded.
The orc warrior hits you with a +0 trident.
Your plate armour of Birdsong prevents you from hitting the orc warrior.
You claw the orc warrior. Your peck misses the orc warrior.
The orc warrior is moderately wounded.
The orc warrior hits you with a +0 trident!
* * * LOW HITPOINT WARNING * * *
You hit the orc warrior but do no damage.
Your kick misses the orc warrior. Your peck misses the orc warrior.
The orc warrior is moderately wounded.
The orc warrior hits you but does no damage.
You hit the orc warrior but do no damage.
You claw the orc warrior.
The orc warrior is moderately wounded.
The orc warrior hits you but does no damage.
The orc warrior hits you with a +0 trident!
You die...

.......#..###..........
...#..##.............
.###..##..##.$...#.####.
........................
........................
........................
.###.##.#....#.#.###.###
. #...........#.#
#.##.#.####.#@#
......... ..#o#
#.##.########o# .....
... #.# ..# #.# ...


You could see an orc warrior and an orc.

Vanquished Creatures
  Duvessa (D:5)
  A black bear (D:6)
  3 phantoms
  Dowan (D:5)
  A howler monkey (D:4)
  3 crimson imps (D:5)
  6 orc priests
  8 orc wizards
  An iguana (D:6)
  3 worker ants
  3 hound skeletons
  Robin (D:3)
  5 adders
  4 gnolls
  2 shadow imps (D:5)
  An adder skeleton (D:5)
  2 worms
  3 dart slugs
  5 leopard geckos
  20 orcs
  2 ball pythons
  8 giant cockroaches
  17 goblins
  14 hobgoblins
  9 jackals
  12 kobolds
  2 quokkas (D:5)
  5 bats
  8 frilled lizards
  A quokka skeleton (D:5)
  8 rats
160 creatures vanquished.

Notes
Turn   | Place    | Note
-------+----------+-------------------------------------------
     0 | D:1      | fly the Tengu Fighter began the quest for the Orb.
     0 | D:1      | Reached XP level 1. HP: 14/14 MP: 2/2
    57 | D:1      | Reached XP level 2. HP: 12/19 MP: 3/3
   352 | D:1      | Reached XP level 3. HP: 19/23 MP: 4/4
   355 | D:1      | Reached skill level 4 in Armour
   676 | D:2      | Reached XP level 4. HP: 26/28 MP: 5/5
  1169 | D:2      | Gained mutation: You can fly continuously. [Tengu growth]
  1169 | D:2      | Reached XP level 5. HP: 16/32 MP: 6/6
  1186 | D:1      | Reached skill level 5 in Armour
  1751 | D:3      | Noticed a phantom
  1779 | D:3      | Killed a phantom
  1779 | D:3      | Reached skill level 5 in Long Blades
  1779 | D:3      | Reached XP level 6. HP: 6/37 MP: 7/7
  2055 | D:3      | Noticed Robin
  2079 | D:3      | Killed Robin
  2949 | D:4      | Reached skill level 6 in Armour
  3222 | D:4      | Reached XP level 7. HP: 21/41 MP: 8/8
  3232 | D:4      | Identified the +5 plate armour of Birdsong {rN+ Str+5
                  | Dex+3}
  3690 | D:4      | Reached skill level 7 in Armour
  3715 | D:4      | Found a bloodstained altar of Trog.
  4115 | D:5      | Entered Level 5 of the Dungeon
  4192 | D:5      | Noticed Duvessa
  4193 | D:5      | Noticed Dowan
  4221 | D:5      | Killed Duvessa
  4221 | D:5      | Reached skill level 8 in Armour
  4221 | D:5      | Reached XP level 8. HP: 38/46 MP: 9/9
  4231 | D:5      | Killed Dowan
  4494 | D:5      | Reached skill level 9 in Armour
  4903 | D:5      | HP: 1/46 [something/magic dart (8)]
  5217 | D:6      | Reached skill level 10 in Armour
  5321 | D:6      | Slain by an orc warrior

Skill      XL: |  1  2  3  4  5  6  7  8 |
---------------+-------------------------+-----
Long Blades    | 3 4 5 6 |  6.3
Armour         | 4 5 6 8 10 | 10.3
Fighting       | |  3.0
Shields        | |  3.0

Action                   |  1- 3 |  4- 6 |  7- 9 || total
-------------------------+-------+-------+-------++-------
Melee: Long sword        |    84 |   155 |   189 ||   428
       Peck              |    11 |    24 |    40 ||    75
       Kick              |    24 |    32 |    61 ||   117
  Use: Scroll            |       |       |     6 ||     6
       Potion            |       |       |     2 ||     2
  Eat: Chunk             |       |     8 |     7 ||    15
Armor: Scale mail        |    51 |    54 |     3 ||   108
       Plate armour      |       |       |    83 ||    83
Dodge: Dodged            |    20 |    34 |    21 ||    75
Block: Shield            |    47 |    67 |    77 ||   191
       Rpst.: Long sword |     5 |    11 |     6 ||    22
